 Dungeon Crawl Stone Soup version 0.28-a0-1312-g71652a0310 (webtiles) character file.

Game seed: 5438796502811955622

1634 oldriver the Summoner (level 8, -1/36 HPs)
             Began as a Felid Summoner on Dec 28, 2021.
             Killed by the air
             ... invoked by Gastronok
              (37 damage)
             ... on level 8 of the Dungeon.
             The game lasted 00:31:24 (13222 turns).

oldriver the Summoner (Felid Summoner)             Turns: 13222, Time: 00:31:25

Health: -1/36      AC:  2    Str: 10    XL:     8   Next: 66%
Magic:  19/21      EV: 19    Int: 24    God:
Gold:   390        SH:  0    Dex: 22    Spells: 5/23 levels left
                                        Lives:  0   Deaths: 2

rFire   . . .      SeeInvis +   (weapon unavailable)
rCold   . . .      Faith    .   (shield unavailable)
rNeg    . . .      Spirit   .   (armour unavailable)
rPois   .          Reflect  .   (helmet unavailable)
rElec   .          Harm     .   (cloak unavailable)
rCorr   .          Rampage  .   (gloves unavailable)
Will    +....                   (boots unavailable)
Stlth   +++.......              (no amulet)
HPRegen 0.12/turn               b - +6 ring of strength
MPRegen 0.17/turn               a - ring of Dim Light {Int+3 Dex+6}

@: quick
A: very small, claws 1, fangs 3, see invisible, speed 1, shaggy fur 2, stealthy
paws, no weapons or thrown items, no armour, multi-lived
a: no special abilities


You were on level 8 of the Dungeon.
You visited 2 branches of the dungeon, and saw 9 of its levels.

You collected 390 gold pieces.

Inventory:

Jewellery
 a - the ring of Dim Light (right paw) {Int+3 Dex+6}
   (You acquired it on level 5 of the Dungeon)

   [ring of dexterity]

   Int:       It affects your intelligence (+3).
   Dex:       It affects your dexterity (+6).
 b - a +6 ring of strength (left paw)
 c - a ring of poison resistance
 g - an amulet of the acrobat
Wands
 l - a wand of iceblast (4)
 p - a wand of charming (9)
Scrolls
 k - a scroll of holy word
 s - a scroll of teleportation
 w - a scroll of fear
Potions
 d - 2 potions of might
 e - 2 potions of mutation
 f - 2 potions of attraction
 i - 2 potions of ambrosia
 j - a potion of heal wounds {unknown}
 n - a potion of brilliance {unknown}
 r - a potion of lignification {unknown}
 t - 3 potions of haste
 u - a potion of cancellation {unknown}
 v - 2 potions of curing {unknown}


   Skills:
 * Level 4.4 Fighting
 + Level 3.3 Dodging
 + Level 3.7 Stealth
 * Level 8.4 Spellcasting
 * Level 5.0 Hexes
 * Level 9.2 Summonings


You had 5 spell levels left.
You knew the following spells:

 Your Spells              Type           Power      Damage    Failure   Level
a - Summon Small Mammal   Summ           100%       N/A       1%          1
b - Call Imp              Summ           53%        N/A       1%          2
c - Call Canine Familiar  Summ           53%        N/A       1%          3
d - Summon Guardian Gole  Hex/Summ       44%        N/A       1%          3
e - Summon Lightning Spi  Summ/Air       32%        N/A       10%         4
f - Summon Mana Viper     Hex/Summ       44%        N/A       10%         5

Your spell library contained the following spells:

 Spells                   Type           Power      Damage    Failure   Level
 Confusing Touch          Hex            34%        N/A       2%          3
 Freeze                   Ice            40%        1d6       6%          1
 Shock                    Conj/Air       40%        1d5       6%          1
 Summon Ice Beast         Ice/Summ       32%        N/A       10%         4
 Frozen Ramparts          Ice            20%        1d4       19%         3
 Swiftness                Air            10%        N/A       19%         3
 Airstrike                Air            5%         N/A       52%         4
 Hailstorm                Conj/Ice       10%        3d5       52%         4
 Ice Form                 Ice/Tmut       10%        N/A       52%         4
 Yara's Violent Unravell  Hex/Tmut       11%        3d6       52%         5
 Fireball                 Conj/Fire      5%         3d5       86%         5
 Monstrous Menagerie      Summ           26%        N/A       75%         7
 Simulacrum               Ice/Necr       5%         N/A       100%        6
 Starburst                Conj/Fire      5%         6d4       100%        6
 Enfeeble                 Hex            17%        N/A       100%        7
 Ignition                 Fire           5%         3d4       100%        8


Dungeon Overview and Level Annotations

Branches:
Dungeon (8/15)             Temple (1/1) D:5
   Lair: D:8-11

Altars:
Ashenzari
Cheibriados
Dithmenos
Elyvilon
Fedhas
Gozag
Hepliaklqana
Kikubaaqudgha
Makhleb
Nemelex Xobeh
Okawaru
Qazlal
Ru
Sif Muna
Trog
Uskayaw
Vehumet
Wu Jian
Xom
Yredelemnul
Zin
The Shining One

Annotations:
D:8 Gastronok


Innate Abilities, Weirdness & Mutations

You have sharp claws.
You have razor-sharp teeth.
You have supernaturally acute eyesight. (SInv)
You cover ground quickly. (Speed+)
You are covered in thick fur. (AC +2)
Your paws help you pounce on unaware monsters.
You are incapable of wielding weapons or throwing items.
You cannot wear armour.
You gain extra lives every three experience levels.


Message History

HP restored.
You swap places.
There is a stone staircase leading down here.
You hear the faint creaking of a very distant portcullis.
Things that are here:
a +0 mace; a +0 chain mail
Things that are here:
a +0 dagger; a +0 leather armour; an orc corpse
Things that are here:
a +0 dagger; a +0 robe Gastronok the Ponderous comes into view.
He is wearing a +2 hat of stealth.
Gastronok gurgles horribly!
Gastronok is nearby!
Gastronok is nearby!
You swap places.
You swap places.
Casting: Summon Small Mammal (safe; 1% risk of failure)
Confirm with . or Enter, or press ? or * to list all spells.
A guardian golem appears, shielding your allies.
Things that are here:
a +0 dagger; a +0 robe What are your orders? t - Meow!
Orders for allies: a - Attack new target. r - Retreat! s - Stop attacking. g - Guard the area. f - Follow me.
Anything else - Cancel.
Gang up on whom?
Press: ? - help, Dir - move target, f - Gastronok
Aim: Gastronok, wearing a +2 hat of stealth Attack!
You feel a sudden urge to swivel your nonexistent eyestalks around.
Your wolf bites Gastronok.
Your white imp gestures at Gastronok.
The puff of frost hits Gastronok!
Gastronok makes a strange noise.
Gastronok waves his eye-stalks in wide circles.
The air twists around and strikes you!!!
Ouch! That really hurt!
You die...

#............#.......
#.......##...#####...
#.......##...##.###'#
#........#...........
#........#...........
#........'...........
#........#...........
#..>....##########...
#...@..)##......#####
#...)...9h5........
##......##w........
##......##.........
#.......###w###.##.
#.......##...##.##
#........w).......
#...........).....
#.................


You could see Gastronok (ally target), a friendly guardian golem (summoned), a
friendly wolf (summoned, sheltered) and a friendly white imp (summoned,
sheltered).

Vanquished Creatures (collateral kills)
  Pikel (D:6)
  A steam dragon (D:7)
  Edmund (D:4)
  Menkaure (D:6)
  An ice beast (D:6)
  3 necrophages
  A phantom (D:5)
  A kobold brigand (D:7)
  2 bullfrogs
  A wyvern skeleton (D:6)
  3 killer bees
  A howler monkey (D:7)
  6 wights
  A bullfrog zombie (D:6)
  4 hounds
  2 centaur zombies
  2 jellies
  A bullfrog skeleton (D:6)
  4 orc wizards
  3 iguanas
  2 hound zombies (D:5)
  A hound skeleton (D:5)
  A howler monkey zombie (D:5)
  10 gnolls
  9 adders
  2 white imps
  An ufetubus (D:5)
  3 worms
  A dart slug (D:4)
  17 orcs
  2 ball pythons (D:2)
  8 bats
  12 endoplasms
  8 giant cockroaches
  8 goblins
  6 hobgoblins
  3 jackals (D:1)
  A frilled lizard (D:2)
  10 kobolds
  5 rats
150 creatures vanquished.

Vanquished Creatures (others)
  Prince Ribbit (D:6)
  An ice beast (D:6)
  A centaur (D:6)
  2 wights (D:7)
  A gnoll shaman (D:6)
  2 gnolls (D:6)
8 creatures vanquished.

Grand Total: 158 creatures vanquished

Notes
Turn   | Place    | Note
-------+----------+-------------------------------------------
     0 | D:1      | oldriver the Felid Summoner began the quest for the Orb.
     0 | D:1      | Reached XP level 1. HP: 7/7 MP: 4/4
    62 | D:1      | Found a faded altar of an unknown god.
   626 | D:1      | Reached XP level 2. HP: 11/12 MP: 4/6
  1158 | D:1      | Learned a level 2 spell: Call Imp
  1493 | D:2      | Reached XP level 3. HP: 11/15 MP: 1/7
  1941 | D:2      | Reached skill level 1 in Fighting
  2318 | D:2      | Reached XP level 4. HP: 19/19 MP: 1/9
  3338 | D:3      | Reached skill level 5 in Summonings
  3781 | D:3      | Learned a level 3 spell: Call Canine Familiar
  4281 | D:3      | Reached XP level 5. HP: 22/22 MP: 4/11
  5649 | D:4      | Learned a level 3 spell: Summon Guardian Golem
  5676 | D:4      | Noticed Edmund
  5795 | D:4      | Gained mutation: You are covered in thick fur. (AC +2)
                  | [Felid growth]
  5795 | D:4      | Reached XP level 6. HP: 26/26 MP: 8/13
  6047 | D:4      | Killed Edmund
  6048 | D:4      | Reached skill level 1 in Hexes
  6800 | D:4      | Reached skill level 5 in Spellcasting
  6800 | D:4      | Reached XP level 7. HP: 30/30 MP: 8/15
  7170 | D:5      | Entered Level 5 of the Dungeon
  7215 | D:5      | Reached skill level 6 in Summonings
  7498 | D:5      | Found a staircase to the Ecumenical Temple.
  7531 | Temple   | Entered the Ecumenical Temple
  8676 | D:5      | Killed by an exploding iron imp... ignited by their inner
                  | flame
  8677 | D:5      | Reached XP level 6. HP: -21/27 MP: 15/15
  8678 | D:5      | Identified a scroll of acquirement
  8678 | D:5      | Acquired the ring of Dim Light {Int+3 Dex+6}
  8986 | D:6      | Reached XP level 7. HP: 29/30 MP: 10/16
  9494 | D:6      | Reached skill level 7 in Summonings
  9945 | D:6      | Noticed Prince Ribbit
  9965 | D:6      | Killed Prince Ribbit
  9966 | D:6      | Reached XP level 8. HP: 34/34 MP: 10/18
 10091 | D:6      | Noticed Menkaure
 10099 | D:6      | Identified the +2 buckler of Eternal Night {Fly rPois rCorr
                  | Dex-2}
 10104 | D:6      | Killed Menkaure
 10105 | D:6      | Reached skill level 8 in Summonings
 10246 | D:6      | Noticed Pikel
 10402 | D:6      | Killed Pikel
 10659 | D:6      | Learned a level 4 spell: Summon Lightning Spire
 10665 | D:6      | Learned a level 5 spell: Summon Mana Viper
 10955 | D:7      | Reached XP level 9. HP: 12/39 MP: 9/21
 11463 | D:7      | Found a radiant altar of Vehumet.
 11750 | D:7      | Reached skill level 9 in Summonings
 11769 | D:7      | HP: 1/39 [wight (11)]
 12159 | D:6      | Succumbed to a killer bee's poison
 12160 | D:6      | Reached XP level 8. HP: 0/36 MP: 16/20
 12373 | D:7      | Reached skill level 5 in Hexes
 13210 | D:8      | Noticed Gastronok
 13222 | D:8      | Killed from afar by Gastronok

Illustrated notes

Levels and vault maps discovered:
D:1:      ncdulo_lavacross, layout_rooms,
          hellmonk_ecumenical_altar_heavens_door, minmay_tetromino_o2
D:2:      minmay_evil_eye, layout_loops_ring, minivault_25,
          minmay_misc_feat_five, hangedman_decor_points
D:3:      layout_loops_ring
D:4:      layout_basic, uniq_edmund
D:5:      layout_cave_pools, minmay_temple_entry_junction_2, minmay_between
D:6:      layout_loops_ring, hangedman_abyss_or_decor_jellyfish_corner,
          uniq_prince_ribbit1, uniq_pikel, uniq_menkaure
D:7:      layout_cave_pools, fiery_altar_vehumet, serial_rivers,
          chequers_serial_rivers_small_3, chequers_serial_rivers_marsh,
          chequers_serial_rivers_micro_d, chequers_serial_rivers_small_3,
          chequers_serial_rivers_small_3, chequers_serial_rivers_small_3
D:8:      layout_gridville, enter_bailey_5, serial_shops, shop, uniq_gastronok,
          uniq_maurice, uniq_maggie
Temple:   mainiacjoe_temple_circle_huts

Skill      XL: |  1  2  3  4  5  6  7  8  9 |
---------------+----------------------------+-----
Fighting       | 1 2 3 4 |  4.4
Spellcasting   | 3 4 5 6 8 |  8.4
Summonings     | 5 7 8 9 |  9.2
Hexes          | 1 4 5 |  5.0
Stealth        | 3 |  3.7
Dodging        | 3 |  3.3

Action                   |  1- 3 |  4- 6 |  7- 9 || total
-------------------------+-------+-------+-------++-------
Melee: Unarmed           |     2 |     3 |     1 ||     6
       Bite              |       |     1 |       ||     1
 Cast: Summon Small Mamm |    79 |    85 |    23 ||   187
       Call Imp          |    13 |    53 |    30 ||    96
       Call Canine Famil |       |    18 |    44 ||    62
       Summon Guardian G |       |     2 |    41 ||    43
  Use: Scroll            |       |     7 |    11 ||    18
       Potion            |       |     1 |     1 ||     2
Armor: Skin              |     3 |     2 |     8 ||    13
Dodge: Dodged            |    28 |    49 |    78 ||   155

Table legend: (Time is in decaauts)
 A = Elapsed time spent in this place.
 B = Non-inter-level travel time spent in this place.
 C = Inter-level travel time spent in this place.
 D = Time resting spent in this place.
 E = Time spent auto-exploring this place.
 F = Levels seen in this place.
 G = Mean time per level.
                   A        B        C        D        E       F      G
               +--------+--------+--------+--------+--------+-----+--------+
         Total |  11968 |  11520 |    448 |   2503 |   5952 |   9 | 1329.8 |
       Dungeon |  11606 |  11189 |    417 |   2503 |   5638 |   8 | 1450.8 |
        Temple |    362 |    332 |     30 |      0 |    314 |   1 |  362.0 |
               +--------+--------+--------+--------+--------+-----+--------+

Top non-repeatable levels by time:
     D:6: 2378 daAuts
     D:4: 1990 daAuts
     D:3: 1773 daAuts
     D:2: 1525 daAuts
     D:5: 1464 daAuts
     D:1: 1200 daAuts
     D:7: 1157 daAuts
  Temple: 362 daAuts
     D:8: 117 daAuts
